 Dungeon Crawl Stone Soup version 0.31-a0-441-g867994ef1c (webtiles) character file.

Game seed: 5589015408563124911

90 horus123 the Ducker (level 4, -3/27 HPs)
             Began as a Deep Elf Gladiator on Aug 3, 2023.
             Slain by Grinder (6 damage)
             ... on level 3 of the Dungeon.
             The game lasted 00:04:22 (2566 turns).

horus123 the Ducker (Deep Elf Gladiator)            Turns: 2566, Time: 00:04:23

Health: -3/27      AC:  5    Str: 11    XL:     4   Next: 32%
Magic:  9/9        EV: 13    Int: 18    God:
Gold:   106        SH:  0    Dex: 16    Spells: 3/7 levels left

rFire   . . .        a - +0 long sword
rCold   . . .        (no shield)
rNeg    + + +        b - +0 leather armour
rPois   .            c - +0 helmet
rElec   .            (no cloak)
rCorr   .            r - +0 pair of gloves
SInv    .            (no boots)
Will    .....        p - amulet "Laklotel" {RegenMP *Corrode rN+++ Int+3 Stlth+}
Stlth   ++           (no ring)
HPRegen 0.24/turn    (no ring)
MPRegen 0.51/turn

%: corrode self (3%)
@: no status effects
A: no striking features
a: no special abilities


You were on level 3 of the Dungeon.
You visited 1 branch of the dungeon, and saw 3 of its levels.

You collected 106 gold pieces.

Inventory:

Hand Weapons
 a - a +0 long sword (weapon)
Missiles
 d - 3 throwing nets
 e - a javelin
Armour
 b - a +0 leather armour (worn)
 c - a +0 helmet (worn)
 k - a +0 chain mail
 r - a +0 pair of gloves (worn)
Jewellery
 p - the amulet "Laklotel" (around neck) {RegenMP *Corrode rN+++ Int+3 Stlth+}
   (You found it on level 2 of the Dungeon)

   [amulet of magic regeneration]

   It increases your rate of magic regeneration.
   Int:       It affects your intelligence (+3).
   rN:        It renders you almost immune to negative energy.
   *Corrode:  It may corrode you when you take damage.
   Stlth:     It makes you more stealthy.
Scrolls
 f - a scroll of revelation {unknown}
 i - a scroll of fog {unknown}
 j - 2 scrolls of enchant armour {unknown}
 l - 2 scrolls of teleportation {unknown}
 n - a scroll of fear {unknown}
 o - a scroll of butterflies {unknown}
 t - a scroll of poison {unknown}
Potions
 g - 2 potions of might {unknown}
 h - a potion of berserk rage {unknown}
 m - a potion of attraction {unknown}
 q - a potion of haste {unknown}
 s - a potion of brilliance {unknown}


   Skills:
 - Level 2.9 Fighting
 - Level 2.6 Long Blades
 - Level 2.0 Throwing
 - Level 3.6 Dodging
 - Level 2.1 Spellcasting
 + Level 2.7 Hexes


You had 3 spell levels left.
You knew the following spells:

 Your Spells              Type           Power      Damage    Failure   Level
a - Slow                  Hex            44%        N/A       8%          1
b - Confusing Touch       Hex            11%        N/A       22%         3

Your spell library contained the following spells:

 Spells                   Type           Power      Damage    Failure   Level
 Inner Flame              Hex/Fire       6%         N/A       38%         3
 Vampiric Draining        Necr           1%         2d6       56%         3
 Yara's Violent Unravell  Hex/Tmut       3%         3d4       98%         5
 Enfeeble                 Hex            5%         N/A       100%        7


Dungeon Overview and Level Annotations

Branches:
Dungeon (3/15)

Altars:
Cheibriados

Portals:
Sewer: D:3

Annotations:
D:3 Grinder


Message History

Grinder is moderately wounded.
You barely miss Grinder.
Grinder is moderately wounded.
Grinder hits you!
You slash Grinder!
Grinder is heavily wounded.
Grinder completely misses you.
You closely miss Grinder.
Grinder is heavily wounded.
You hear the quick rusting of a very distant drain.
Grinder hits you but does no damage.
You slash Grinder!
Grinder is severely wounded.
Grinder hits you!
* * * LOW HITPOINT WARNING * * *
You are too injured to fight recklessly!
You are too injured to fight recklessly!
You are too injured to fight recklessly!
You closely miss Grinder.
Grinder is severely wounded.
You hit Grinder.
Grinder is severely wounded.
Grinder gestures at you.
You barely resist. You barely miss Grinder.
Grinder is severely wounded.
Grinder is no longer moving slowly.
Grinder hits you.
* * * LOW HITPOINT WARNING * * *
You slash Grinder!
Grinder is severely wounded.
Grinder hits you but does no damage.
You hit Grinder.
Grinder is almost dead.
Grinder gestures at you.
You are unaffected.
Grinder hits you.
* * * LOW HITPOINT WARNING * * *
You hit Grinder.
Grinder is almost dead.
Grinder hits you.
You die...

###.≈≈≈≈≈#.#§§§≈≈.§
# #..≈§§§#.#≈§≈≈...
# ##..§§≈#.#§≈≈..#
# ##...≈#.#≈§.§# #
###.§§....#### #
####.......#
####...###.#
.........##.#####.#
###.#.....5@......#
........##.#######
###.#.#####.# #.#.#
#.# # #.#####.#
#.......# #########


You could see Grinder.

Vanquished Creatures
  3 adders (D:2)
  3 worms
  A dart slug (D:1)
  2 endoplasms
  6 giant cockroaches
  5 goblins
  3 hobgoblins
  5 jackals
  2 quokkas
  4 ball pythons
  6 bats
  2 frilled lizards (D:2)
  6 kobolds
  3 rats
51 creatures vanquished.

Notes
Turn   | Place    | Note
-------+----------+-------------------------------------------
     0 | D:1      | horus123 the Deep Elf Gladiator began the quest for the
                  | Orb.
     0 | D:1      | Reached XP level 1. HP: 12/12 MP: 3/3
   207 | D:1      | Reached XP level 2. HP: 8/17 MP: 4/4
  1183 | D:2      | Reached XP level 3. HP: 22/22 MP: 5/5
  1236 | D:2      | Reached skill level 1 in Spellcasting
  1266 | D:2      | Learned a level 1 spell: Slow
  1606 | D:2      | Identified the amulet "Laklotel" {RegenMP *Corrode rN+++
                  | Int+3 Stlth+}
  1781 | D:2      | Found a snail-covered altar of Cheibriados.
  1879 | D:2      | Reached skill level 1 in Hexes
  1957 | D:2      | Reached XP level 4. HP: 27/27 MP: 9/9
  2202 | D:3      | Learned a level 3 spell: Confusing Touch
  2368 | D:3      | Found a glowing drain.
  2529 | D:3      | Noticed Grinder
  2566 | D:3      | Slain by Grinder

Illustrated notes

Levels and vault maps discovered:
D:1:      dpeg_arrival_prison, layout_loops_ring, minivault_5,
          minmay_crystal_room
D:2:      layout_basic, basic_altar
D:3:      layout_loops_corners, cheibrodos_sewer_entry_sluice,
          grunt_decor_junction, amethyst_killhole, uniq_grinder

Skill      XL: |  1  2  3 |
---------------+----------+-----
Fighting       | 2 |  2.9
Spellcasting   | 2 |  2.1
Hexes          | 2 |  2.7
Long Blades    | |  2.6
Throwing       | |  2.0
Dodging        | |  3.6

Action                     |  1- 3 |  4- 6 || total
---------------------------+-------+-------++-------
  Melee: Long sword        |   112 |    51 ||   163
         Punch             |     1 |       ||     1
  Throw: Boomerang         |    23 |       ||    23
         Javelin           |     2 |       ||     2
   Cast: Slow              |       |     8 ||     8
   Stab: Sleeping          |       |     3 ||     3
 Armour: Leather armour    |    26 |    19 ||    45
  Dodge: Dodged            |   109 |    33 ||   142

Table legend: (Time is in decaauts)
 A = Elapsed time spent in this place.
 B = Non-inter-level travel time spent in this place.
 C = Inter-level travel time spent in this place.
 D = Time resting spent in this place.
 E = Time spent auto-exploring this place.
 F = Levels seen in this place.
 G = Mean time per level.
                   A        B        C        D        E       F      G
               +--------+--------+--------+--------+--------+-----+--------+
         Total |   2615 |   2590 |     25 |    316 |   1772 |   3 |  871.7 |
       Dungeon |   2615 |   2590 |     25 |    316 |   1772 |   3 |  871.7 |
               +--------+--------+--------+--------+--------+-----+--------+

Top non-repeatable levels by time:
     D:1: 1186 daAuts
     D:2: 913 daAuts
     D:3: 515 daAuts
